SOB
MERIDA OLAS @ PUERTO BARRIOS GENERALS
12/20/1981
 
TOP OF THE 1ST
Colon Scallywags batting - Pitching for Puerto Barrios Generals : LHP Brent Milligan
Pitching: LHP Brent Milligan
Batting: RHB Johnnie LeMaster 0-0: Called Strike
0-1: Ball
1-1: Ball
2-1: Ball
3-1: Base on Balls
Batting: LHB Daryl Sconiers 0-0: Called Strike
Johnnie LeMaster steals 2nd base
0-1: Ball
1-1: SINGLE (Groundball, 56D, EV 104.4 MPH)
Johnnie LeMaster to third
Runner from 3rd tries for Home, SAFE, throw by LF to home
Batting: SHB Willie McGee 0-0: Called Strike
0-1: Swinging Strike
0-2: Ball
Daryl Sconiers steals 2nd base
1-2: Strikes out swinging
Batting: RHB Gerry Davis 0-0: Ball
1-0: Ball
2-0: Ball
3-0: Called Strike
3-1: Base on Balls
Batting: LHB Bruce Bochte 0-0: Swinging Strike
0-1: Fly out, F8 (Line Drive, 8LM, EV 98.8 MPH)
Batting: RHB Dennis Werth 0-0: Called Strike
0-1: Ball
1-1: Ball
2-1: Swinging Strike
2-2: Foul Ball, location: 2F
2-2: Fly out, F9 (Flyball, 89D, EV 82.5 MPH)
Top of the 1st over - 1 run, 1 hit, 0 errors, 2 left on base; Colon 1 - Puerto Barrios 0
BOTTOM OF THE 1ST
Puerto Barrios Generals batting - Pitching for Colon Scallywags : RHP Jim Clancy
Pitching: RHP Jim Clancy
Batting: RHB Lee Hover 0-0: Called Strike
0-1: Ball
1-1: Fly out, F7 (Flyball, 78D, EV 88.8 MPH)
Batting: LHB George Johnson 0-0: Swinging Strike
0-1: Ground out 4-3 (Groundball, 4, EV 87.5 MPH)
Batting: LHB Ted French 0-0: Ball
1-0: Called Strike
1-1: Ball
2-1: Ball
3-1: Base on Balls
Batting: RHB Brett Benza 0-0: Ball
1-0: Swinging Strike
1-1: Reached on error, E5 (Groundball, 56, EV 104.4 MPH)
Ted French to second
Batting: RHB Richard Hyatt 0-0: Ball
1-0: Fly out, F9 (Flyball, 9LS, EV 91.9 MPH)
Bottom of the 1st over - 0 runs, 0 hits, 1 error, 2 left on base; Colon 1 - Puerto Barrios 0
TOP OF THE 2ND
Colon Scallywags batting - Pitching for Puerto Barrios Generals : LHP Brent Milligan
Batting: RHB Pat Casey 0-0: Ball
1-0: Foul Ball, location: 2F
1-1: Ball
2-1: Foul Ball, location: 2F
2-2: Strikes out swinging
Batting: SHB Biff Pocoroba 0-0: Foul Ball, location: 2F
0-1: Ball
1-1: Ball
2-1: Foul Ball, location: 2F
2-2: Foul Ball, location: 2F
2-2: Ball
3-2: Base on Balls
Batting: LHB Garcia Gutierrez 0-0: Called Strike
0-1: Foul Ball, location: 2F
0-2: Ball
1-2: Foul Ball, location: 2F
1-2: Foul Ball, location: 2F
1-2: Ball
2-2: Ball
3-2: Foul Ball, location: 2F
3-2: Base on Balls
Biff Pocoroba to second
Batting: RHB Johnnie LeMaster 0-0: Foul Ball, location: 2F
0-1: Ball
1-1: Ball
2-1: Swinging Strike
2-2: SINGLE (Line Drive, 89S, EV 91.9 MPH)
Biff Pocoroba to third
Garcia Gutierrez to second
Runner from 3rd tries for Home, SAFE, no throw by RF
Batting: LHB Daryl Sconiers 0-0: Ball
1-0: Fly out, F4 (Popup, 34D, EV 56.9 MPH)
Batting: SHB Willie McGee 0-0: Ball
1-0: Called Strike
1-1: Foul Ball, location: 2F
1-2: SINGLE (Line Drive, 9LS, EV 104.4 MPH)
Garcia Gutierrez to third
Johnnie LeMaster to second
Runner from 3rd tries for Home, SAFE, no throw by RF
Batting: RHB Gerry Davis 0-0: Foul Ball, location: 2F
0-1: Ball
1-1: Ball
2-1: Ball
3-1: Foul Ball, location: 2F
3-2: Base on Balls
Johnnie LeMaster to third
Willie McGee to second
Batting: LHB Bruce Bochte 0-0: Called Strike
0-1: Ball
1-1: Ball
2-1: Foul Ball, location: 2F
2-2: Strikes out swinging
Top of the 2nd over - 2 runs, 2 hits, 0 errors, 3 left on base; Colon 3 - Puerto Barrios 0
BOTTOM OF THE 2ND
Puerto Barrios Generals batting - Pitching for Colon Scallywags : RHP Jim Clancy
Batting: RHB Ken Weislak 0-0: Called Strike
0-1: Fly out, F7 (Line Drive, 7D, EV 90.0 MPH)
Batting: RHB Inocencio Guerrero 0-0: Ball
1-0: Called Strike
1-1: Ball
2-1: Swinging Strike
2-2: Strikes out swinging
Batting: RHB Jeffrey Ahlert 0-0: Called Strike
0-1: Called Strike
0-2: Strikes out swinging
Bottom of the 2nd over - 0 runs, 0 hits, 0 errors, 0 left on base; Colon 3 - Puerto Barrios 0
TOP OF THE 3RD
Colon Scallywags batting - Pitching for Puerto Barrios Generals : LHP Brent Milligan
Batting: RHB Dennis Werth 0-0: Ball
1-0: Ball
2-0: Called Strike
2-1: Ball
3-1: Base on Balls
Batting: RHB Pat Casey 0-0: Called Strike
Dennis Werth steals 2nd base
0-1: Ball
1-1: Ball
2-1: Ball
3-1: Base on Balls
Batting: SHB Biff Pocoroba 0-0: Called Strike
0-1: Swinging Strike
0-2: Ball
1-2: Ball
2-2: Ball
3-2: Base on Balls
Dennis Werth to third
Pat Casey to second
Batting: LHB Garcia Gutierrez 0-0: Ball
Wild Pitch!
Dennis Werth scores
Pat Casey to third
Biff Pocoroba to second
1-0: Ball
2-0: Called Strike
2-1: Foul Ball, location: 2F
2-2: SINGLE (Groundball, 4MD, EV 105.6 MPH)
Pat Casey scores
Biff Pocoroba to third
Runner from 3rd tries for Home, SAFE, no throw by CF
Pitching: RHP Perry Cliburn
Batting: RHB Johnnie LeMaster 0-0: Ball
1-0: SINGLE (Flyball, 8RS, EV 88.8 MPH)
Garcia Gutierrez to second
Runner from 2nd tries for 3rd, SAFE, no throw by CF
Batting: LHB Daryl Sconiers 0-0: Called Strike
0-1: Called Strike
0-2: Ball
1-2: Strikes out swinging
Batting: SHB Willie McGee 0-0: Ball
Johnnie LeMaster steals 2nd base
1-0: Foul Ball, location: 2F
1-1: Swinging Strike
1-2: Foul Ball, location: 2F
1-2: Ground out 6-3 (Groundball, 6, EV 78.8 MPH)
Garcia Gutierrez scores
Johnnie LeMaster to third
Batting: RHB Gerry Davis 0-0: Foul Ball, location: 2F
0-1: Fly out, F9 (Line Drive, 9, EV 92.5 MPH)
Top of the 3rd over - 4 runs, 2 hits, 0 errors, 1 left on base; Colon 7 - Puerto Barrios 0
BOTTOM OF THE 3RD
Puerto Barrios Generals batting - Pitching for Colon Scallywags : RHP Jim Clancy
Batting: RHB Darrell Baugh 0-0: Ball
1-0: Ball
2-0: Ball
3-0: Called Strike
3-1: Called Strike
3-2: Fly out, F9 (Line Drive, 9, EV 95.0 MPH)
Batting: RHB Lee Hover 0-0: Ball
1-0: Fly out, F4 (Line Drive, 4, EV 61.3 MPH)
Batting: LHB George Johnson 0-0: Ball
1-0: Ball
2-0: Foul Ball, location: 2F
2-1: Swinging Strike
2-2: Fly out, F8 (Flyball, 78S, EV 83.1 MPH)
Bottom of the 3rd over - 0 runs, 0 hits, 0 errors, 0 left on base; Colon 7 - Puerto Barrios 0
TOP OF THE 4TH
Colon Scallywags batting - Pitching for Puerto Barrios Generals : RHP Perry Cliburn
Batting: LHB Bruce Bochte 0-0: Ball
1-0: Ball
2-0: Ground out 6-3 (Groundball, 4MS, EV 65.6 MPH)
Batting: RHB Dennis Werth 0-0: Called Strike
0-1: DOUBLE (Flyball, 8RXD, EV 91.9 MPH)
Batting: RHB Pat Casey 0-0: Foul Ball, location: 2F
0-1: Ball
1-1: Ball
2-1: Foul Ball, location: 2F
2-2: Ball
3-2: Strikes out swinging
Batting: SHB Biff Pocoroba 0-0: Ground out 4-3 (Groundball, 4, EV 103.1 MPH)
Top of the 4th over - 0 runs, 1 hit, 0 errors, 1 left on base; Colon 7 - Puerto Barrios 0
BOTTOM OF THE 4TH
Puerto Barrios Generals batting - Pitching for Colon Scallywags : RHP Jim Clancy
Batting: LHB Ted French 0-0: Ball
1-0: Called Strike
1-1: Swinging Strike
1-2: Strikes out looking
Batting: RHB Brett Benza 0-0: Ball
1-0: Ball
2-0: Called Strike
2-1: DOUBLE (Flyball, 89D, EV 93.1 MPH)
Batting: RHB Richard Hyatt 0-0: Ball
1-0: Ball
2-0: Called Strike
2-1: Ball
3-1: Foul Ball, location: 2F
3-2: Foul Ball, location: 2F
3-2: Strikes out swinging
Batting: RHB Ken Weislak 0-0: Called Strike
0-1: Ground out 5-3 (Groundball, 56, EV 79.4 MPH)
Bottom of the 4th over - 0 runs, 1 hit, 0 errors, 1 left on base; Colon 7 - Puerto Barrios 0
TOP OF THE 5TH
Colon Scallywags batting - Pitching for Puerto Barrios Generals : RHP Perry Cliburn
Batting: LHB Garcia Gutierrez 0-0: Called Strike
0-1: Swinging Strike
0-2: Ball
1-2: Strikes out looking
Batting: RHB Johnnie LeMaster 0-0: Ball
1-0: Foul Ball, location: 2F
1-1: Ground out 4-3 (Groundball, 4, EV 104.4 MPH)
Batting: LHB Daryl Sconiers 0-0: Ball
1-0: Fly out, F9 (Flyball, 9LDF, EV 105.0 MPH)
Top of the 5th over - 0 runs, 0 hits, 0 errors, 0 left on base; Colon 7 - Puerto Barrios 0
BOTTOM OF THE 5TH
Puerto Barrios Generals batting - Pitching for Colon Scallywags : RHP Jim Clancy
Batting: RHB Inocencio Guerrero 0-0: Called Strike
0-1: Swinging Strike
0-2: Ball
1-2: Strikes out swinging
Batting: RHB Jeffrey Ahlert 0-0: Ball
1-0: Called Strike
1-1: Foul Ball, location: 2F
1-2: Strikes out looking
Batting: RHB Darrell Baugh 0-0: Ground out 5-3 (Groundball, 56, EV 85.0 MPH)
Bottom of the 5th over - 0 runs, 0 hits, 0 errors, 0 left on base; Colon 7 - Puerto Barrios 0
TOP OF THE 6TH
Colon Scallywags batting - Pitching for Puerto Barrios Generals : RHP Perry Cliburn
Batting: SHB Willie McGee 0-0: Ball
1-0: Fly out, F7 (Line Drive, 7D, EV 95.0 MPH)
Batting: RHB Gerry Davis 0-0: Ground out 6-3 (Groundball, 6, EV 105.0 MPH)
Batting: LHB Bruce Bochte 0-0: Fly out, F5 (Popup, 5SF, EV 80.6 MPH)
Top of the 6th over - 0 runs, 0 hits, 0 errors, 0 left on base; Colon 7 - Puerto Barrios 0
BOTTOM OF THE 6TH
Puerto Barrios Generals batting - Pitching for Colon Scallywags : RHP Jim Clancy
Batting: RHB Lee Hover 0-0: Called Strike
0-1: Fly out, F8 (Flyball, 78D, EV 96.3 MPH)
Batting: LHB George Johnson 0-0: Called Strike
0-1: Ground out U3 (Groundball, 34, EV 100.0 MPH)
Batting: LHB Ted French 0-0: Foul Ball, location: 2F
0-1: Foul Ball, location: 2F
0-2: Ball
1-2: Strikes out swinging
Bottom of the 6th over - 0 runs, 0 hits, 0 errors, 0 left on base; Colon 7 - Puerto Barrios 0
TOP OF THE 7TH
Colon Scallywags batting - Pitching for Puerto Barrios Generals : RHP Perry Cliburn
Pitching: LHP Nick Fiorillo
Pinch Hitting: RHB Richard Sadey 0-0: Ball
1-0: Ground out 5-3 (Groundball, 56S, EV 81.9 MPH)
Batting: RHB Pat Casey 0-0: Swinging Strike
0-1: Swinging Strike
0-2: Strikes out swinging
Batting: SHB Biff Pocoroba 0-0: Called Strike
0-1: Ball
1-1: Foul Ball, location: 2F
1-2: Foul Ball, location: 2F
1-2: SINGLE (Flyball, 7S, EV 95.6 MPH)
Batting: LHB Garcia Gutierrez 0-0: Foul Ball, location: 2F
0-1: Ball
1-1: Swinging Strike
1-2: Strikes out looking
Top of the 7th over - 0 runs, 1 hit, 0 errors, 1 left on base; Colon 7 - Puerto Barrios 0
BOTTOM OF THE 7TH
Puerto Barrios Generals batting - Pitching for Colon Scallywags : RHP Jim Clancy
Now at 1B: Donald Lyons
Pinch Hitting: RHB Rufino Morillo 0-0: SINGLE (Groundball, 56D, EV 96.9 MPH)
Batting: RHB Richard Hyatt 0-0: Ball
1-0: Fly out, F9 (Flyball, 9, EV 94.4 MPH)
Batting: RHB Ken Weislak 0-0: Ball
1-0: Ball
2-0: Called Strike
2-1: Called Strike
2-2: Strikes out swinging
Batting: RHB Inocencio Guerrero 0-0: Ball
1-0: Ball
Rufino Morillo steals 2nd base (no throw)
2-0: Ground out 4-3 (Groundball, 4, EV 101.9 MPH)
Bottom of the 7th over - 0 runs, 1 hit, 0 errors, 1 left on base; Colon 7 - Puerto Barrios 0
TOP OF THE 8TH
Colon Scallywags batting - Pitching for Puerto Barrios Generals : LHP Nick Fiorillo
Now in CF: Rufino Morillo
Batting: RHB Johnnie LeMaster 0-0: Foul Ball, location: 2F
0-1: Ball
1-1: Foul Ball, location: 2F
1-2: Ball
2-2: Ball
3-2: DOUBLE (Flyball, 8RXD, EV 93.8 MPH)
Pinch Hitting: LHB Dustin Hipp 0-0: Ball
1-0: Fly out, F8 (Flyball, 78M, EV 93.1 MPH)
Batting: SHB Willie McGee 0-0: Foul Ball, location: 2F
0-1: Called Strike
0-2: Ball
1-2: Ball
2-2: Ball
3-2: Strikes out swinging
Batting: RHB Gerry Davis 0-0: Ball
1-0: Ball
2-0: Called Strike
2-1: Ball
3-1: Base on Balls
Pinch Hitting: LHB Stan Levi 0-0: Swinging Strike
0-1: Ball
1-1: Fly out, F4 (Popup, 13, EV 75.6 MPH)
Top of the 8th over - 0 runs, 1 hit, 0 errors, 2 left on base; Colon 7 - Puerto Barrios 0
BOTTOM OF THE 8TH
Puerto Barrios Generals batting - Pitching for Colon Scallywags : RHP Jim Clancy
Now in LF: Dustin Hipp
Now in CF: Jordan Ayala
Batting: RHB Jeffrey Ahlert 0-0: Ball
1-0: Foul Ball, location: 2F
1-1: Ground out 5-3 (Groundball, 56, EV 100.0 MPH)
Batting: RHB Darrell Baugh 0-0: Called Strike
0-1: Foul Ball, location: 2F
0-2: Ball
1-2: Ball
2-2: SINGLE (Line Drive, 6D, EV 98.8 MPH)
Batting: RHB Lee Hover 0-0: Ball
1-0: Called Strike
1-1: Ball
2-1: Ball
3-1: Base on Balls
Darrell Baugh to second
Batting: LHB George Johnson 0-0: Ball
Wild Pitch!
Darrell Baugh to third
Lee Hover to second
1-0: Ball
2-0: Ball
3-0: Base on Balls
Pinch Hitting: RHB James Gonzales 0-0: Ball
1-0: Foul Ball, location: 2F
1-1: Foul Ball, location: 2F
1-2: Ball
2-2: Strikes out swinging
Batting: RHB Rufino Morillo 0-0: Ball
1-0: Foul Ball, location: 2F
1-1: Swinging Strike
1-2: Ball
2-2: Strikes out swinging
Bottom of the 8th over - 0 runs, 1 hit, 0 errors, 3 left on base; Colon 7 - Puerto Barrios 0
TOP OF THE 9TH
Colon Scallywags batting - Pitching for Puerto Barrios Generals : LHP Nick Fiorillo
Now at 1B: Randy Harvey
Batting: LHB Donald Lyons 0-0: Ball
1-0: Foul Ball, location: 2F
1-1: Ball
2-1: Ball
3-1: Called Strike
3-2: Base on Balls
Pitching: RHP S. Butler
Batting: RHB Pat Casey 0-0: Called Strike
0-1: Swinging Strike
0-2: Ball
1-2: Ball
Donald Lyons steals 2nd base
2-2: Ball
3-2: Foul Ball, location: 2F
3-2: Base on Balls
Batting: SHB Biff Pocoroba 0-0: Ball
1-0: Ball
2-0: Foul Ball, location: 2F
2-1: Fly out, F8 (Flyball, 78M, EV 94.4 MPH)
Batting: LHB Garcia Gutierrez 0-0: Ball
1-0: Ball
2-0: Ball
3-0: Called Strike
3-1: Base on Balls
Donald Lyons to third
Pat Casey to second
Batting: RHB Johnnie LeMaster 0-0: Ball
1-0: Ball
2-0: Ball
3-0: Called Strike
3-1: Base on Balls
Donald Lyons scores
Pat Casey to third
Garcia Gutierrez to second
Batting: LHB Dustin Hipp 0-0: Swinging Strike
0-1: Called Strike
0-2: Strikes out looking
Batting: SHB Willie McGee 0-0: Ball
1-0: Fly out, F9 (Line Drive, 9, EV 95.0 MPH)
Top of the 9th over - 1 run, 0 hits, 0 errors, 3 left on base; Colon 8 - Puerto Barrios 0
BOTTOM OF THE 9TH
Puerto Barrios Generals batting - Pitching for Colon Scallywags : RHP Jim Clancy
Batting: RHB Richard Hyatt 0-0: Ball
1-0: Called Strike
1-1: Swinging Strike
1-2: Strikes out swinging
Batting: RHB Ken Weislak 0-0: Foul Ball, location: 2F
0-1: Foul Ball, location: 2F
0-2: Foul Ball, location: 2F
0-2: Strikes out swinging
Pinch Hitting: RHB David Alderman 0-0: Called Strike
0-1: Foul Ball, location: 2F
0-2: Foul Ball, location: 2F
0-2: Ball
1-2: Foul Ball, location: 2F
1-2: Ground out 4-3 (Groundball, 4, EV 106.3 MPH)
Bottom of the 9th over - 0 runs, 0 hits, 0 errors, 0 left on base; Colon 8 - Puerto Barrios 0
Saturday, June 27th, 2020 - OOTP Baseball 21.4 Build 63